 Dungeon Crawl Stone Soup version 0.20.1-1-g8b1a95d (webtiles) character file.

36325 vatarom the Ripper (level 13, -6/63 HPs)
             Began as a Felid Berserker on Sept 19, 2017.
             Was a High Priest of Trog.
             Mangled by an orc warlord
             ... wielding a +1 war axe of electrocution
              (22 damage)
             ... on level 12 of the Dungeon.
             The game lasted 01:03:22 (23137 turns).

vatarom the Ripper (Felid Berserker)               Turns: 23137, Time: 01:03:23

Health: -6/63      AC:  3    Str: 15    XL:     13   Next: 52%
Magic:  21/21      EV: 30    Int: 12    God:    Trog [*****.]
Gold:   1781       SH:  4    Dex: 17    Spells: 12/12 levels left
                                        Lives:  0   Deaths: 4

rFire    . . .     SeeInvis +     - Unarmed
rCold    + + .     Gourm    .   (shield unavailable)
rNeg     . . .     Faith    .   (armour unavailable)
rPois    +         Spirit   .   (helmet unavailable)
rElec    .         Reflect  .   (cloak unavailable)
rCorr    .         Harm     .   (gloves unavailable)
MR       ++...                  (boots unavailable)
Stlth    ++++++....             F - amulet of regeneration
Regen    0.6/turn               u - ring of protection from magic
MPRegen  0.2/turn               i - ring of protection from cold

@: quick
A: no armour, no weapons or thrown items, stealth, claws 1, fangs 3, large bone
plates 1, see invisible, carnivore 3, clever 1, speed 1, poison resistance,
shaggy fur 3, slow metabolism 1, sharp paws
a: Berserk, Trog's Hand, Brothers in Arms, Burn Spellbooks, Renounce Religion


You were on level 12 of the Dungeon.
You worshipped Trog.
Trog was extremely pleased with you.
You were very full.

You visited 3 branches of the dungeon, and saw 19 of its levels.
You also visited: Sewer and Ossuary.

You collected 1781 gold pieces.

Inventory:

Jewellery
 g - an uncursed ring of positive energy
 i - a ring of protection from cold (right paw)
 u - a ring of protection from magic (left paw)
 F - an amulet of regeneration (around neck)
Wands
 d - a wand of lightning (7/15)
 n - a wand of acid (0/15)
 p - a wand of confusion (0/48)
 q - a wand of disintegration (0/24)
 r - a wand of disintegration (0/24)
 y - a wand of polymorph (9/24)
 B - a wand of paralysis (5/24)
 D - a wand of paralysis (0/24)
 H - a wand of acid (2/15)
 L - a wand of flame (34/48)
Scrolls
 b - 14 scrolls of identify
 f - 3 scrolls of fog
 j - 8 scrolls of remove curse
 k - 4 scrolls of teleportation
 I - a scroll of summoning
Potions
 e - a potion of cancellation
 h - 2 potions of haste
 l - 3 potions of flight
 m - 2 potions of invisibility
 s - 3 potions of curing
 t - 2 potions of brilliance
 v - 2 potions of magic
 w - 2 potions of resistance
 z - 2 potions of agility
 G - 3 potions of might
Comestibles
 a - 3 meat rations
 c - 9 royal jellies
 o - 3 chunks of flesh


   Skills:
 + Level 11.3 Fighting
 + Level 14.0 Dodging
 + Level 14.6 Stealth
 * Level 15.0 Unarmed Combat
 + Level 9.7 Evocations


You had 12 spell levels left.
You didn't know any spells.

Dungeon Overview and Level Annotations

Branches:
Dungeon (12/15)            Temple (0/1) D:7            Lair (6/6) D:8
 Shoals (0/4) Lair:3        Snake (0/4) Lair:4        Slime (0/5) Lair:6
    Orc (1/2) D:12

Altars:
Cheibriados
Dithmenos
Fedhas
Hepliaklqana
Nemelex Xobeh
Okawaru
Vehumet

Annotations:
Lair:3 exclusion: 3 oklob plants


Innate Abilities, Weirdness & Mutations

You cannot wear armour.
You are incapable of wielding weapons or throwing items.
Your paws allow you to move quietly. (Stealth)
You have sharp claws.
You have razor-sharp teeth.
You have supernaturally acute eyesight. (SInv)
You are carnivorous and can eat meat at any time.
You cover ground quickly.
Your thick and shaggy fur keeps you warm. (AC +3, rC+)
You have a slow metabolism.
Your sharp claws are effective at attacking unaware monsters.
You are partially covered in large bone plates. (SH +4)
Your mind is acute. (Int +2)
Your system is resistant to poisons. (rPois)


Message History

You climb upwards.
Welcome back to the Dungeon!
There is a staircase to the Orcish Mines, spattered with blood here.
Unknown command.
Unknown command.
Unknown command.
Unknown command.
Unknown command.
Your ogre goes berserk!
You block the orc's attack. The orc completely misses you.
Unknown command.
You mangle the orc!!
You kill the orc!
Trog accepts your kill. The orc hits you with a dagger.
* * * LOW HITPOINT WARNING * * *
Your ogre misses the orc warlord.
Unknown command.
You barely miss the orc. The orc completely misses you.
The orc warlord hits you with a war axe of electrocution!!
You die...

#........# #..# #. #........#
#..# #. #........# #..# #.
#........# #..# #.
#........######..# #.
#................############.
#...........oO................
#..........oooo...............
#.......#####@################
#...#...# ### #...#...#
#...#...# #...#...# #...#...#
#...#.).######################
#.............................
#.............................


You could see an orc warlord, 4 orcs and a friendly ogre (berserk).

Vanquished Creatures
  The ghost of ThereIsNoGod the Brawler, a journeyman TrFi of Makhleb (Lair:6)
  A dire elephant (Lair:4)
  A fire dragon (Lair:6)
  4 hydras
  An ice dragon (Lair:6)
  A centaur warrior (D:10)
  4 two-headed ogres
  3 death yaks
  Nergalle (D:11)
  An unseen horror (D:11)
  2 lindwurms (Lair:6)
  A swamp dragon (Lair:6)
  2 cyclopes
  An ugly thing (D:12)
  A manticore (D:9)
  6 elephants (Lair:4)
  A black mamba (Lair:2)
  Psyche (D:11)
  2 gargoyles
  9 spiny frogs
  3 torpor snails
  A freezing wraith (D:11)
  9 komodo dragons
  2 rime drakes (Lair:6)
  3 trolls
  2 polar bears (Lair:5)
  3 tyrant leeches (Lair:6)
  10 blink frogs
  4 slime creatures
  9 hornets
  4 dream sheep (Lair:6)
  9 hippogriffs
  A spriggan (D:9)
  38 yaks
  4 wyverns
  4 steam dragons
  A hungry ghost (D:11)
  A basilisk (D:8)
  A fire bat (Lair:1)
  Menkaure (D:4)
  A warg (D:12)
  9 water moccasins
  7 porcupines
  A sky beast (D:8)
  2 ice beasts
  A hornet zombie (Ossuary)
  9 orc warriors
  3 swamp drakes (Lair:6)
  3 black bears
  3 ogres
  A phantom (D:8)
  6 wolves
  3 centaurs
  17 crocodiles
  2 big kobolds
  Blork the orc (D:4)
  13 bullfrogs
  A wyvern zombie (Ossuary)
  A water moccasin zombie (D:7)
  8 scorpions
  2 wyvern skeletons (D:10)
  19 killer bees
  5 wights
  3 howler monkeys
  6 crimson imps
  2 quasits
  4 bullfrog zombies (Ossuary)
  4 centaur zombies (Ossuary)
  11 jellies
  Crazy Yiuf (D:3)
  3 centaur skeletons
  8 hounds
  7 orc priests
  8 orc wizards
  6 iguanas
  2 bullfrog skeletons
  Natasha (D:3)
  12 worker ants
  4 hound zombies (Ossuary)
  2 hound skeletons
  14 mummies (Ossuary)
  2 howler monkey zombies
  3 worker ant zombies (Ossuary)
  Robin (D:2)
  4 gnolls (D:4)
  10 adders
  2 river rats (Sewer)
  A shadow imp (D:5)
  15 oozes
  7 adder zombies (Ossuary)
  2 adder skeletons
  2 worms
  A dart slug (D:1)
  6 leopard geckos
  49 orcs
  A ball python (D:5)
  5 giant cockroaches
  14 goblins
  12 hobgoblins
  8 jackals
  16 kobolds
  3 bats
  4 frilled lizards
  2 goblin zombies (D:4)
  A jackal skeleton (D:6)
  2 jackal zombies (Ossuary)
  A quokka skeleton (D:5)
  9 rats
  2 fungi (Lair:6)
555 creatures vanquished.

Vanquished Creatures (collateral kills)
  A dire elephant (Lair:4)
  Harold (Lair:2)
  2 two-headed ogres (D:10)
  2 death yaks (Lair:5)
  Sonja (D:11)
  An elephant (Lair:4)
  A centaur skeleton (D:10)
  A gargoyle (D:10)
  A torpor snail (Lair:6)
  A troll (D:11)
  2 blink frogs (Lair:1)
  A hornet (Lair:6)
  A hippogriff (Lair:2)
  A yak (Lair:2)
  A steam dragon (D:8)
  A porcupine (Lair:4)
  5 orc warriors
  An ice beast (D:6)
  2 ogres
  2 centaurs
  A crocodile (Lair:3)
  2 bullfrogs
  A wyvern zombie (D:10)
  2 wights (D:6)
  4 killer bees
  A crimson imp (D:8)
  An orc priest (D:11)
  6 orc wizards
  2 bullfrog skeletons
  An iguana (D:11)
  An adder (D:10)
  12 orcs
  A giant cockroach (D:7)
  A quokka (D:10)
  A kobold (D:10)
66 creatures vanquished.

Vanquished Creatures (others)
  A bush (Lair:3)
  22 fungi
  29 plants
52 creatures vanquished.

Grand Total: 673 creatures vanquished

Notes
Turn   | Place    | Note
-------+----------+-------------------------------------------
     0 | D:1      | vatarom the Felid Berserker began the quest for the Orb.
     0 | D:1      | Reached XP level 1. HP: 10/10 MP: 2/2
   313 | D:1      | Reached XP level 2. HP: 14/14 MP: 3/3
   733 | D:2      | Reached skill level 1 in Stealth
   811 | D:2      | Reached XP level 3. HP: 7/17 MP: 4/4
  1131 | D:2      | Noticed Robin
  1170 | D:2      | Reached ** piety under Trog
  1202 | D:3      | Found a radiant altar of Vehumet.
  1517 | D:3      | Reached XP level 4. HP: 21/21 MP: 5/5
  1542 | D:2      | Killed Robin
  1542 | D:2      | Reached skill level 4 in Unarmed Combat
  2213 | D:3      | Found a runed door.
  2220 | D:3      | Noticed Crazy Yiuf
  2230 | D:3      | Killed Crazy Yiuf
  2230 | D:3      | Reached XP level 5. HP: 25/25 MP: 6/6
  2333 | D:3      | Noticed Natasha
  2339 | D:3      | Killed Natasha
  2470 | D:4      | Noticed Blork the orc
  2477 | D:4      | Killed Blork the orc
  2477 | D:4      | Reached skill level 5 in Dodging
  2537 | D:4      | Reached skill level 5 in Unarmed Combat
  2537 | D:4      | Gained mutation: You are covered in thick fur. (AC +2) [Felid growth]
  2537 | D:4      | Reached XP level 6. HP: 28/28 MP: 7/7
  2591 | D:4      | Noticed Menkaure
  2606 | D:4      | Killed Menkaure
  2606 | D:4      | Reached *** piety under Trog
  2662 | D:4      | Found a sand-covered staircase.
  2672 | Ossuary  | Entered an ossuary
  2898 | Ossuary  | Slain by a mummy
  2899 | Ossuary  | Reached XP level 5. HP: 0/25 MP: 6/6
  2915 | Ossuary  | Reached XP level 6. HP: 23/29 MP: 7/7
  2939 | Ossuary  | Reached skill level 6 in Unarmed Combat
  3004 | Ossuary  | Reached skill level 5 in Fighting
  3017 | Ossuary  | Reached XP level 7. HP: 26/33 MP: 8/8
  3409 | Ossuary  | Reached skill level 5 in Stealth
  3982 | D:4      | Reached skill level 7 in Unarmed Combat
  4217 | D:4      | Reached XP level 8. HP: 37/37 MP: 9/9
  4598 | D:5      | Entered Level 5 of the Dungeon
  4701 | D:5      | Reached **** piety under Trog
  5505 | D:5      | Found a shadowy altar of Dithmenos.
  5820 | D:6      | Found a glowing drain.
  5847 | Sewer    | Entered a sewer
  6100 | Sewer    | Found a white marble altar of Elyvilon.
  6175 | D:6      | Reached skill level 8 in Unarmed Combat
  6241 | D:6      | Found a sparkling altar of Nemelex Xobeh.
  6257 | D:6      | Found a hazy altar of Hepliaklqana.
  6334 | D:6      | Found a snail-covered altar of Cheibriados.
  6564 | D:6      | Reached ***** piety under Trog
  6862 | D:7      | Reached XP level 9. HP: 42/42 MP: 10/10
  6958 | D:7      | Gained mutation: You are partially covered in large bone plates. (SH +4) [potion of mutation]
  6958 | D:7      | Gained mutation: Your system is resistant to poisons. (rPois) [potion of mutation]
  6958 | D:7      | Gained mutation: Your mind is acute. (Int +2) [potion of mutation]
  7027 | D:7      | Found a sparkling altar of Nemelex Xobeh.
  7160 | D:7      | Found an iron altar of Okawaru.
  7217 | D:7      | Identified the Catalogue of the Snowflakes and Shape Shifting
  7372 | D:7      | Found a staircase to the Ecumenical Temple.
  7749 | D:8      | Found a staircase to the Lair.
  7774 | D:8      | Noticed a komodo dragon
  7793 | D:8      | Killed a komodo dragon
  7793 | D:8      | Reached skill level 9 in Unarmed Combat
  8126 | D:8      | Reached skill level 1 in Evocations
  8379 | D:8      | Reached XP level 10. HP: 47/47 MP: 11/11
  8765 | D:9      | Found a blossoming altar of Fedhas.
  8773 | D:9      | Noticed a manticore
  8794 | D:9      | Killed a manticore
  8794 | D:9      | Reached skill level 10 in Unarmed Combat
  9292 | D:9      | Noticed a two-headed ogre
  9296 | D:9      | Killed a two-headed ogre
  9477 | D:9      | Reached skill level 10 in Dodging
  9623 | D:10     | Entered Level 10 of the Dungeon
  9627 | D:10     | Noticed a two-headed ogre
  9681 | D:9      | Killed a two-headed ogre
  9681 | D:9      | Reached skill level 10 in Stealth
  9898 | D:10     | Noticed a gargoyle
  9902 | D:10     | Noticed a two-headed ogre
 10066 | D:10     | Killed a gargoyle
 10074 | D:10     | Killed a two-headed ogre
 10109 | D:10     | Noticed a two-headed ogre
 10123 | D:10     | Killed a two-headed ogre
 10123 | D:10     | Reached XP level 11. HP: 48/51 MP: 13/15
 10126 | D:10     | Noticed a two-headed ogre
 10139 | D:10     | Demolished by a two-headed ogre
 10140 | D:10     | Reached XP level 10. HP: -15/48 MP: 14/14
 10166 | D:10     | Killed a two-headed ogre
 10166 | D:10     | Reached skill level 11 in Unarmed Combat
 10501 | D:10     | Noticed a centaur warrior
 10505 | D:10     | Noticed a gargoyle
 10623 | Lair:1   | Entered Level 1 of the Lair of Beasts
 10740 | Lair:1   | Noticed a spiny frog
 10747 | Lair:1   | Killed a spiny frog
 10931 | Lair:1   | Mangled by a blink frog
 10932 | Lair:1   | Reached XP level 9. HP: -6/45 MP: 13/13
 10955 | Lair:1   | Reached skill level 5 in Evocations
 11482 | Lair:1   | Reached XP level 10. HP: 47/49 MP: 14/14
 12507 | Lair:2   | Noticed Harold
 12527 | Lair:2   | Killed Harold
 12645 | Lair:2   | Noticed a black mamba
 12658 | Lair:2   | Killed a black mamba
 12658 | Lair:2   | Reached skill level 12 in Unarmed Combat
 13046 | Lair:3   | Noticed a spiny frog
 13274 | Lair:3   | Reached XP level 11. HP: 19/53 MP: 16/16
 13547 | Lair:3   | Noticed an oklob plant
 13547 | Lair:3   | Noticed an oklob plant
 13547 | Lair:3   | Noticed an oklob plant
 13741 | Lair:3   | Noticed a catoblepas
 13741 | Lair:3   | Found a staircase to the Shoals.
 15015 | Lair:4   | Noticed a dire elephant
 15015 | Lair:4   | Noticed a dire elephant
 15054 | Lair:4   | Killed a dire elephant
 15458 | Lair:4   | Noticed a seven-headed hydra
 15464 | Lair:4   | Killed a seven-headed hydra
 15833 | Lair:4   | Noticed a five-headed hydra
 15840 | Lair:4   | Killed a five-headed hydra
 15883 | Lair:4   | Reached skill level 13 in Unarmed Combat
 15891 | Lair:4   | Gained mutation: Your thick and shaggy fur keeps you warm. (AC +3, rC+) [Felid growth]
 15891 | Lair:4   | Reached XP level 12. HP: 52/58 MP: 18/18
 15972 | Lair:4   | Found a staircase to the Snake Pit.
 16076 | Lair:4   | Killed a dire elephant
 16076 | Lair:4   | Reached skill level 10 in Fighting
 17458 | Lair:5   | Noticed a six-headed hydra
 17465 | Lair:5   | Killed a six-headed hydra
 17740 | Lair:6   | Entered Level 6 of the Lair of Beasts
 17805 | Lair:6   | Noticed a death yak
 17805 | Lair:6   | Noticed a death yak
 17805 | Lair:6   | Noticed a death yak
 17805 | Lair:6   | Noticed a death yak
 17805 | Lair:6   | Noticed a death yak
 17806 | Lair:6   | Killed a death yak
 17839 | Lair:5   | Killed a death yak
 17844 | Lair:5   | Killed a death yak
 17851 | Lair:5   | Killed a death yak
 18021 | Lair:6   | Found a staircase to the Slime Pits.
 18177 | Lair:6   | Noticed ThereIsNoGod's ghost (journeyman TrFi)
 18317 | Lair:5   | Killed a death yak
 18370 | Lair:5   | Noticed a four-headed hydra
 18378 | Lair:5   | Killed a four-headed hydra
 18504 | Lair:5   | Reached XP level 13. HP: 62/62 MP: 20/20
 18647 | Lair:6   | Reached skill level 14 in Unarmed Combat
 18891 | Lair:6   | Found a runed door.
 18930 | Lair:6   | Mangled by a tyrant leech
 18931 | Lair:6   | Reached XP level 12. HP: -10/88 MP: 19/19
 19664 | Lair:6   | Noticed a fire dragon
 19686 | Lair:6   | Killed a fire dragon
 19965 | Lair:6   | Killed ThereIsNoGod's ghost
 20162 | Lair:6   | Noticed an ice dragon
 20166 | Lair:6   | Killed an ice dragon
 20574 | D:10     | Killed a centaur warrior
 20747 | D:10     | Reached XP level 13. HP: 63/63 MP: 20/20
 20865 | D:11     | Noticed Psyche
 20870 | D:11     | Killed Psyche
 21021 | D:11     | Noticed Nergalle
 21027 | D:11     | Killed Nergalle
 21055 | D:11     | Noticed Sonja
 21092 | D:11     | Killed Sonja
 22089 | D:12     | Reached skill level 15 in Unarmed Combat
 22876 | D:12     | Found a staircase to the Orcish Mines.
 23057 | Orc:1    | Entered Level 1 of the Orcish Mines
 23057 | Orc:1    | Noticed an orc warlord
 23137 | D:12     | Mangled by an orc warlord

Skill      XL: |  1  2  3  4  5  6  7  8  9 10 11 12 13 |
---------------+----------------------------------------+-----
Stealth        | 1 2 3 4 5 7 9 11 12 14 | 14.6
Unarmed Combat | 4 5 6 7 8 9 12 13 15 | 15.0
Fighting       | 4 5 6 7 9 11 | 11.3
Dodging        | 5 6 8 11 10 12 14 | 14.0
Evocations     | 5 6 7 9 |  9.7

Action                   |  1- 3 |  4- 6 |  7- 9 | 10-12 | 13-15 || total
-------------------------+-------+-------+-------+-------+-------++-------
Melee: Unarmed           |    77 |   154 |   444 |   645 |   356 ||  1676
       Bite              |     6 |    24 |    46 |    88 |    38 ||   202
       Punch             |     2 |     7 |    20 |    38 |    24 ||    91
Invok: Berserk           |     6 |    14 |    21 |    31 |     9 ||    81
       Trog's Hand       |     1 |     1 |     1 |     1 |       ||     4
       Brothers in Arms  |       |       |     4 |    21 |     4 ||    29
Evoke: Wand              |       |       |     2 |   102 |       ||   104
  Use: Scroll            |     6 |     3 |     3 |    26 |       ||    38
       Potion            |     4 |     5 |     4 |     2 |       ||    15
 Stab: Sleeping          |     5 |     2 |    18 |    27 |    11 ||    63
       Distracted        |       |     1 |     3 |     7 |     8 ||    19
       Invisible         |       |     1 |       |       |       ||     1
       Paralysed         |       |       |       |    10 |       ||    10
       Confused          |       |       |       |     1 |       ||     1
  Eat: Chunk             |    14 |     9 |    34 |    63 |    15 ||   135
       Meat ration       |       |       |     1 |       |       ||     1
Armor: Skin              |     7 |     1 |    17 |    14 |     6 ||    45
Dodge: Dodged            |    77 |   131 |   336 |   651 |   329 ||  1524
Block: Other             |       |       |    15 |   115 |    51 ||   181
